Map: 카이로스 정션 - 래더

Players

gumiho

  • Race: Terran Terran
  • Spawn Location: 5:00

Hurricane - Winner!

  • Race: Protoss Protoss
  • Spawn Location: 11:00

Event: IEM Season 13: Katowice (2019)

VOD

Have the link to the VOD?

Description

Time

  • Played on: Feb. 26, 2019, 5:26 a.m.
  • Length: 20:56

All games in this series

Show
View Real Time Build Order
Export as new Build Order

gumiho Terran 

Build Orders: Cyclone Opening 

Get SALT Encoding   

  12  0:00  SCV  
  13  0:12  SCV  
  14  0:17  Supply Depot  
  14  0:24  SCV  
  15  0:39  SCV  
  15  0:42  Barracks  
  16  0:47  Refinery  
  16  0:51  SCV  
  16  0:55  Refinery  
  17  1:03  SCV  
  18  1:15  SCV  
  19  1:30  Orbital Command  
  19  1:36  Reaper  
  20  1:44  Factory  
  20  1:47  Engineering Bay  
  20  1:56  Supply Depot  
  20  2:00  SCV  
  21  2:08  Reaper  
  21  2:12  SCV  
  23  2:24  SCV  
  23  2:28  Factory Tech Lab  
  24  2:36  SCV  
  25  2:37  Command Center  
  25  2:47  Cyclone  
  25  2:48  SCV  
  28  3:00  SCV  
  28  3:08  Barracks  
  29  3:13  Barracks  
  29  3:22  Supply Depot  
  29  3:24  Siege Tank  
  31  3:37  Starport  
  31  3:43  SCV  
  31  3:50  Orbital Command  
  31  3:56  SCV  
  31  3:57  Siege Tank  
  31  4:01  Barracks Reactor  
  31  4:02  Barracks Tech Lab  
  36  4:10  Bunker  
  36  4:14  SCV  
  36  4:17  SCV  
  38  4:22  Viking  
  39  4:25  Stimpack  
  39  4:26  SCV  
  39  4:29  SCV  
  39  4:31  Marine  
  42  4:35  Supply Depot  
  42  4:39  SCV  
  42  4:41  SCV, Marine  
  42  4:42  Marine  
  46  4:46  Engineering Bay  
  46  4:50  Marine  
  46  4:51  SCV  
  48  4:53  SCV  
  48  4:54  Refinery  
  48  4:55  Starport Reactor  
  49  5:00  Siege Tank  
  49  5:03  SCV  
  49  5:05  SCV  
  54  5:07  Marine x2  
  54  5:13  Supply Depot  
  56  5:14  Terran Infantry Weapons Level 1  
  56  5:16  SCV  
  56  5:17  Marine  
  58  5:24  SCV, Marine  
  58  5:25  Marine  
  58  5:28  SCV  
  62  5:29  Supply Depot  
  62  5:35  Barracks  
  62  5:39  SCV  
  62  5:40  SCV  
  64  5:43  Marine x2  
  64  5:44  Marine  
  67  5:50  Medivac  
  67  5:51  SCV  
  67  5:52  Medivac  
  67  5:55  Supply Depot  
  67  5:57  SCV  
  73  6:01  Marine  
  73  6:02  Marine x2  
  73  6:03  SCV  
  77  6:15  Supply Depot  
  77  6:16  Siege Tank  
  77  6:17  SCV x2, Supply Depot  
  82  6:19  Marine  
  82  6:25  Combat Shield, Barracks Reactor  
  83  6:26  Marine x2  
  85  6:37  Medivac, Marine  
  85  6:38  Medivac  
  90  6:44  SCV x2, Marine x2  
  94  6:54  Marine  
  94  6:56  Siege Tank  
  98  7:02  Marine x2  
  98  7:03  Marine x2  
  102  7:10  Refinery  
  102  7:20  Supply Depot x2, Marine x2  
  102  7:21  Command Center  
  104  7:23  Barracks x2  
  104  7:25  Terran Infantry Armor Level 1  
  104  7:32  Marine  
  105  7:37  SCV x2, Marine  
  105  7:41  Supply Depot x2  
  103  7:45  Marine x2  
  103  7:47  Widow Mine  
  103  7:50  Marauder, SCV x2  
  110  7:56  Medivac  
  110  8:02  SCV x2  
  110  8:04  Marauder  
  104  8:10  Widow Mine x2  
  104  8:12  Marauder  
  110  8:14  SCV x2  
  112  8:22  Barracks Tech Lab, Barracks Reactor, Marine  
  112  8:23  Marine  
  112  8:24  Medivac  
  112  8:25  Marauder  
  118  8:33  Marauder  
  120  8:36  Widow Mine x2  
  120  8:43  Marauder  
  120  8:46  Marauder  
  120  8:47  Orbital Command  
  124  8:49  Marine x2  
  124  8:54  Marauder  
  103  9:04  Marine x2  
  103  9:05  Marauder  
  103  9:07  Marine x2  
  103  9:08  Marauder  
  103  9:09  Widow Mine  
  104  9:12  Widow Mine, Viking  
  104  9:13  Viking  
  104  9:15  Marine  
  111  9:22  Marine  
  112  9:26  Marauder, Marine x2  
  112  9:28  Starport  
  112  9:29  Marauder  
  118  9:32  SCV  
  118  9:34  Marauder  
  118  9:37  Marine  
  122  9:40  Marine  
  122  9:42  Viking  
  122  9:43  Viking  
  122  9:44  Marine  
  128  9:50  Supply Depot x2  
  128  9:51  Marine  
  129  9:53  SCV x2  
  129  9:54  Liberator x2, SCV  
  129  9:55  Liberator, Marine  
  129  9:58  Marine  
  138  10:00  Marauder x2  
  138  10:01  Marauder, Marine  
  141  10:09  Marine  
  141  10:13  Marine  
  156  10:21  Marauder x2  
  156  10:22  Marauder  
  156  10:23  Concussive Shells  
  156  10:26  Marine x2  
  156  10:27  Marine  
  161  10:31  Marine  
  160  10:36  Liberator x2  
  160  10:42  Marauder x2  
  144  10:43  Marine  
  144  10:44  Liberator  
  102  10:56  Marine  
  102  10:57  Marine x3  
  92  11:00  Liberator  
  92  11:01  Marauder  
  92  11:03  SCV  
  92  11:04  Marauder x2, SCV  
  102  11:07  SCV  
  103  11:14  Marine  
  103  11:16  SCV  
  108  11:20  SCV  
  108  11:25  Marauder  
  111  11:26  Marine  
  111  11:28  Marine  
  111  11:30  Refinery  
  111  11:31  Refinery, SCV  
  114  11:33  SCV  
  114  11:34  SCV  
  114  11:36  Marauder  
  114  11:37  Marine  
  114  11:38  Marine  
  120  11:44  Marauder  
  120  11:46  SCV x2  
  124  11:53  Marauder  
  123  11:58  Marauder  
  123  12:00  Liberator x3  
  122  12:04  Liberator  
  122  12:05  Marauder, Marine x2  
  122  12:06  Marine x2  
  122  12:15  Marauder  
  124  12:19  Marauder  
  135  12:23  Marine x2  
  135  12:24  Marine x2  
  135  12:26  Marine  
  135  12:28  SCV x2  
  142  12:36  Marine  
  143  12:38  Armory, Engineering Bay  
  143  12:40  Marine  
  143  12:41  Marine  
  145  12:45  Marauder, Marine x2  
  147  12:54  Marauder  
  143  12:59  Marine  
  143  13:00  Marauder  
  146  13:07  Marauder, Marine x2  
  146  13:11  Liberator x2  
  143  13:12  Liberator  
  143  13:13  Marine  
  143  13:14  Liberator  
  143  13:15  Marauder  
  143  13:17  Marine  
  138  13:21  Marauder  
  138  13:24  Marine  
  138  13:25  Marine  
  133  13:28  Marauder  
  133  13:30  Marine  
  141  13:39  Terran Infantry Weapons Level 2  
  141  13:44  Terran Infantry Armor Level 2  
  141  14:05  Supply Depot  
  141  14:06  Supply Depot  
  141  14:11  Medivac x2  
  141  14:12  Medivac  
  141  14:14  Medivac  
  148  14:25  Marauder, Marine  
  148  14:30  Command Center  
  150  14:33  Marauder x2, Marine  
  146  14:46  Marine  
  146  14:47  Marauder  
  149  14:55  Marauder x2  
  118  15:16  Marauder x2, Marine x3  
  118  15:17  Marine x2  
  100  15:34  Marine x3  
  100  15:35  Marine  
  96  15:36  Marauder  
  96  15:37  Viking x2  
  96  15:38  Marauder x2  
  96  15:40  Viking  
  107  15:45  Planetary Fortress  
  107  15:51  Viking  
  107  15:52  Marine  
  110  16:03  Liberator  
  107  16:06  Liberator  
  107  16:08  Liberator  
  107  16:09  Marauder x2  
  104  16:12  Liberator  
  104  16:13  Orbital Command, Marine x2  
  104  16:14  Marauder  
  104  16:18  Marine x2  
  119  16:30  Marauder  
  124  16:38  Marauder x2, Marine  
  124  16:39  Refinery, Marine  
  130  16:40  Marine  
  130  16:41  Marine  
  131  16:51  Marine  
  132  17:00  Terran Infantry Weapons Level 3  
  123  17:02  Terran Infantry Armor Level 3  
  123  17:05  Marauder x2, Marine x4  
  125  17:08  SCV x2  
  125  17:09  SCV, Marine  
  129  17:19  Refinery  
  129  17:24  Barracks, Ghost Academy  
  129  17:25  Barracks x2  
  129  17:26  Marauder  
  129  17:27  Marauder x2  
  111  17:38  Liberator, Marine x4  
  111  17:40  Liberator  
  99  17:48  Marauder x2  
  99  17:49  Marauder  
  97  17:56  Marine x4  
  94  18:06  Refinery x2  
  94  18:09  Marauder x2  
  94  18:10  Marauder, Medivac  
  94  18:12  Marine x3  
  104  18:13  Marine x2  
  104  18:14  Marine x2  
  104  18:16  Medivac  
  104  18:19  SCV  
  114  18:20  SCV x2  
  114  18:25  Command Center  
  114  18:30  Marine  
  109  18:35  Marauder  
  109  18:36  Marauder, Marine x2  
  109  18:37  Marine x3  
  109  18:41  Marine x2  
  109  18:48  Command Center, Marauder  
  98  18:53  Marine  
  98  18:54  Marine x2  
  97  18:55  Medivac x2  
  97  18:57  Marauder x2  
  106  19:10  Marauder, Orbital Command  
  106  19:11  Barracks Tech Lab x2  
  106  19:12  Barracks Reactor  
  106  19:17  Marine  
  106  19:18  Marauder x2, Marine  
  112  19:24  Marine  
  112  19:25  Marine  
  112  19:29  Marine x2  
  118  19:31  Marauder  
  117  19:40  Marauder x2  
  110  19:46  Marine x2  
  110  19:47  Marauder x2, Marine x2  
  116  19:54  Marauder  
  116  19:59  Marine  
  113  20:01  Marauder x2  
  112  20:08  Marauder  
  114  20:15  Marauder x2  
  114  20:16  Marine  
  114  20:17  Marine  
  120  20:26  Marauder, Marine x2  
  120  20:27  Marine x2  
  125  20:34  Marauder  
  125  20:35  Marine x2  
Show
View Real Time Build Order
Export as new Build Order

Hurricane Protoss - Winner!

Build Orders:  

Get SALT Encoding   

  12  0:00  Probe  
  13  0:12  Probe  
  14  0:16  Pylon  
  14  0:23  Probe  
  15  0:31  Probe  
  15  0:36  Gateway  
  15  0:39  Probe  
  16  0:45  Assimilator  
  17  0:51  Probe  
  18  1:03  Probe  
  19  1:15  Probe  
  20  1:18  Pylon  
  20  1:24  Cybernetics Core  
  20  1:25  Zealot  
  22  1:27  Probe  
  23  1:39  Probe  
  24  1:52  Stalker  
  24  1:55  Probe  
  24  2:01  Warp Gate  
  27  2:03  Assimilator  
  27  2:12  Probe  
  26  2:24  Probe  
  27  2:38  Nexus  
  27  2:39  Probe  
  27  2:42  Robotics Facility  
  28  2:49  Stalker  
  29  2:54  Probe  
  28  3:03  Probe  
  27  3:11  Probe  
  28  3:12  Pylon  
  29  3:20  Probe  
  29  3:23  Observer  
  31  3:35  Probe  
  32  3:47  Probe  
  33  3:49  Probe, Observer  
  33  3:50  Gateway  
  33  3:51  Gateway  
  35  3:58  Probe x2  
  37  4:06  Sentry, Probe  
  37  4:07  Probe  
  39  4:11  Observer  
  39  4:15  Probe  
  42  4:19  Probe  
  44  4:25  Probe  
  44  4:30  Immortal, Observer  
  45  4:31  Observer  
  45  4:32  Probe  
  45  4:34  Pylon  
  50  4:40  Probe  
  50  4:44  Probe  
  50  4:45  Sentry  
  54  4:51  Gateway  
  54  4:54  Pylon  
  54  4:55  Probe  
  54  4:56  Probe  
  54  4:57  Stalker  
  58  5:03  Immortal  
  58  5:06  Pylon  
  58  5:07  Assimilator  
  62  5:14  Probe  
  62  5:15  Probe  
  64  5:25  Assimilator  
  64  5:26  Stalker x2  
  68  5:34  Twilight Council  
  68  5:36  Forge  
  68  5:37  Warp Prism  
  68  5:38  Probe  
  68  5:39  Probe  
  72  5:52  Probe x2  
  72  5:55  Pylon  
  74  5:59  Stalker  
  74  6:02  Blink  
  76  6:10  Robotics Bay  
  76  6:20  Protoss Ground Weapons Level 1  
  76  6:21  Zealot x2  
  76  6:22  Zealot  
  82  6:26  Pylon  
  82  6:27  Pylon  
  82  6:33  Stalker  
  84  6:42  Colossus  
  84  6:44  Probe x2  
  84  6:55  Extended Thermal Lance  
  84  6:58  Zealot x3  
  84  6:59  Observer  
  96  7:07  Stalker  
  98  7:17  Pylon x2  
  98  7:19  Gateway  
  98  7:24  Colossus  
  97  7:35  Stalker x2  
  97  7:36  Stalker  
  108  7:55  Stalker  
  108  7:56  Observer  
  104  8:05  Zealot x3, Observer  
  96  8:13  Colossus  
  102  8:20  Charge  
  102  8:21  Zealot x2  
  105  8:27  Sentry, Zealot x2  
  111  8:34  Protoss Ground Armor Level 1  
  109  8:44  Zealot x2  
  113  8:52  Observer  
  107  8:56  Zealot x3  
  107  8:59  Colossus  
  95  9:16  Probe x2  
  103  9:18  Templar Archives  
  103  9:20  Observer  
  103  9:22  Nexus  
  103  9:23  Pylon  
  103  9:28  Probe x2  
  105  9:32  Zealot x3  
  105  9:33  Zealot  
  113  9:43  Forge  
  113  9:45  Probe  
  113  9:46  Probe  
  113  9:48  Observer  
  115  9:56  Pylon  
  115  10:04  High Templar x2  
  115  10:05  Psionic Storm  
  115  10:06  Pylon  
  119  10:07  High Templar  
  121  10:14  High Templar  
  121  10:17  Shield Battery  
  123  10:26  Archon  
  123  10:27  Archon  
  123  10:28  Stalker  
  110  10:44  Zealot x3  
  96  10:50  Stalker  
  96  10:52  Immortal  
  92  10:58  Probe x3  
  99  11:06  High Templar x2  
  99  11:08  Protoss Ground Armor Level 2  
  99  11:10  Probe  
  99  11:11  Probe x2  
  105  11:12  Assimilator  
  105  11:15  Assimilator  
  105  11:18  Stalker x3  
  111  11:27  Observer  
  111  11:30  Gateway  
  111  11:32  Gateway  
  111  11:33  Gateway  
  112  11:44  Sentry, Zealot  
  112  11:45  Zealot  
  116  11:51  Pylon  
  116  11:53  Stalker  
  116  11:54  Stalker  
  115  12:05  Stalker x2  
  115  12:07  Probe x2  
  114  12:12  Stalker  
  114  12:14  Protoss Ground Weapons Level 2  
  114  12:15  Probe  
  112  12:19  Probe  
  112  12:22  Probe  
  112  12:27  Probe  
  113  12:34  Observer  
  114  12:37  Stalker x3  
  114  12:38  Zealot x2  
  114  12:40  Probe x2  
  114  12:41  Probe  
  127  12:57  Archon  
  117  13:01  Zealot x5  
  108  13:18  Probe x3  
  105  13:21  Zealot x3  
  105  13:22  Stalker  
  112  13:32  Stalker  
  113  13:45  Protoss Ground Armor Level 3  
  113  13:47  Templar Archives  
  113  13:49  Probe x2, Observer  
  113  13:50  Probe  
  117  14:00  Stalker x3  
  123  14:09  Stalker x2  
  125  14:10  Sentry  
  125  14:16  Observer  
  128  14:27  High Templar x4  
  134  14:37  Nexus  
  130  14:38  Pylon  
  130  14:39  Observer  
  129  14:48  High Templar  
  129  14:49  High Templar  
  129  14:50  Zealot x2  
  131  14:57  Archon  
  131  15:01  Stalker x3  
  86  15:14  Archon  
  86  15:17  Observer  
  86  15:19  Zealot x2, Stalker  
  73  15:24  Probe x3  
  75  15:29  Stalker  
  73  15:36  High Templar  
  75  15:49  Zealot x2, High Templar  
  81  15:50  Assimilator  
  82  15:57  Probe x3  
  79  16:15  Stalker x3  
  79  16:17  Probe  
  79  16:18  Probe  
  87  16:19  Probe  
  88  16:25  Zealot  
  88  16:31  Probe x3  
  93  16:37  Probe  
  94  16:40  High Templar  
  94  16:41  High Templar  
  94  16:43  Probe  
  97  16:55  Archon  
  97  16:58  Stalker  
  97  16:59  Stalker  
  99  17:05  Probe x3  
  93  17:09  Probe  
  93  17:12  High Templar x2  
  93  17:13  Assimilator x2  
  101  17:16  Zealot x3, Probe x2  
  101  17:17  Zealot  
  111  17:25  Zealot x2  
  115  17:36  Archon x2  
  87  17:45  Zealot x2  
  87  17:46  Stalker x4  
  88  17:52  Stalker x2  
  90  17:58  Probe  
  90  17:59  Observer, Probe x3  
  94  18:09  High Templar x2  
  94  18:10  Zealot x3  
  94  18:11  Probe  
  105  18:18  Zealot x2, Pylon, High Templar  
  107  18:37  High Templar  
  107  18:38  Zealot x3, High Templar  
  117  18:42  Probe x2  
  117  18:48  Colossus  
  114  18:57  Zealot  
  114  18:58  Zealot x2  
  114  18:59  Stalker x2  
  128  19:07  High Templar  
  130  19:16  Nexus  
  130  19:19  Nexus  
  130  19:27  Stalker x2  
  130  19:28  Stalker  
  136  19:33  Stalker x2  
  140  19:41  Archon  
  132  19:49  Stalker  
  132  19:50  Stalker x2  
  132  19:51  Stalker  
  140  19:55  Zealot x2  
  141  20:07  Probe x2, High Templar  
  141  20:08  High Templar  
  141  20:09  Probe x2  
  141  20:10  Pylon  
  141  20:13  Zealot x2, Archon  
  152  20:17  Zealot  
  147  20:38  High Templar x3  
  147  20:39  Zealot x2, High Templar  

Tags
 
Add a new tag
Caveats
  • Supply blocks, unpowered buildings, or Contaminate may cause inaccurate times.
  • Supply counts are checked every 10 seconds.